 Dungeon Crawl Stone Soup version 0.23.1 (webtiles) character file.

Game seed: 2811645828673821460

93 Kairos the Shield-Bearer (level 4, 24/24 HPs)
             Began as a Vine Stalker Fighter on Mar 5, 2019.
             Quit the game on level 2 of the Dungeon.
             The game lasted 00:01:25 (1442 turns).

Kairos the Shield-Bearer (Vine Stalker Fighter)     Turns: 1442, Time: 00:01:26

Health: 24/24      AC: 10    Str: 20    XL:     4   Next: 61%
Magic:  5/5        EV:  5    Int:  8    God:
Gold:   51         SH:  9    Dex: 13    Spells: 3/3 levels left

rFire    . . .     SeeInvis .   a - +0 war axe
rCold    . . .     Gourm    .   c - +0 shield
rNeg     . . .     Faith    .   k - +1 chain mail
rPois    .         Spirit   +   (no helmet)
rElec    .         Reflect  .   (no cloak)
rCorr    .         Harm     .   (no gloves)
MR       .....                  (no boots)
Stlth    ..........             (no amulet)
HPRegen  0.48/turn              (no ring)
MPRegen  0.09/turn              (no ring)

@: no status effects
A: fangs 2, regeneration 1, magic shield, antimagic bite, no potion heal 3, rot
immunity
a: no special abilities


You were on level 2 of the Dungeon.
You were not hungry.

You visited 1 branch of the dungeon, and saw 2 of its levels.

You collected 51 gold pieces.

Inventory:

Hand Weapons
 a - a +0 war axe (weapon)
Armour
 b - a +0 scale mail
 c - a +0 shield (worn)
 k - a +1 chain mail (worn)
Scrolls
 g - 3 scrolls of remove curse
Potions
 d - a potion of might
 e - a potion of degeneration
 i - a potion of invisibility
Comestibles
 f - 3 rations


   Skills:
 + Level 3.0 Fighting
 + Level 2.8 Axes
 + Level 3.1 Armour
 + Level 0.2 Dodging
 + Level 0.3 Stealth
 + Level 3.1 Shields


You had 3 spell levels left.
You didn't know any spells.
Your spell library was empty.

Dungeon Overview and Level Annotations

Branches:
Dungeon (2/15)

Altars:


Innate Abilities, Weirdness & Mutations

You have extremely sharp teeth.
Your natural rate of healing is unusually fast.
When hurt, damage is shared between your health and your magic reserves.
Your bite disrupts and absorbs the magic of your enemies.
Potions cannot restore your health.
You are immune to rotting.


Message History

No target in view!
Key pressed, stopping explore.
Unknown command.
No target in view!
There is a stone staircase leading down here.
Things that are here:
a +0 short sword; a kobold skeleton
Found 18 stones and a ring mail.
Key pressed, stopping explore.
No target in view!
You now have 51 gold pieces (gained 2).
Done exploring.
Done exploring.
Done exploring.
As you read the scroll labeled FOMOZI FITIFOWK, it crumbles to dust.
It is a scroll of identify.
e - a potion of degeneration
As you read the scroll of identify, it crumbles to dust.
i - a potion of invisibility Are you sure you want to abandon this character and quit the game? (Confirm with "yes".)

#.####)####
#......##
#.# #.#
#....### ###
#.# #....#
#######.####
#....#
#..........#
#....#
#..........#
#....#
#..........#
#....#
#(.........#
######
#......@...#
#..........#
#.....[....#
############


There were no monsters in sight!

Vanquished Creatures
  Terence (D:2)
  2 adders (D:2)
  An ooze (D:1)
  A dart slug (D:1)
  A leopard gecko (D:2)
  2 bats (D:2)
  6 giant cockroaches
  4 goblins
  6 hobgoblins
  4 jackals (D:2)
  2 frilled lizards (D:1)
  5 kobolds
  6 rats
41 creatures vanquished.

Notes
Turn   | Place    | Note
-------+----------+-------------------------------------------
     0 | D:1      | Kairos the Vine Stalker Fighter began the quest for the
                  | Orb.
     0 | D:1      | Reached XP level 1. HP: 11/11 MP: 2/2
   119 | D:1      | Reached XP level 2. HP: 12/16 MP: 1/3
   991 | D:2      | Reached XP level 3. HP: 19/19 MP: 4/4
  1040 | D:2      | Noticed Terence
  1055 | D:2      | Killed Terence
  1055 | D:2      | Gained mutation: Your natural rate of healing is unusually
                  | fast. [Vine Stalker growth]
  1055 | D:2      | Reached XP level 4. HP: 22/24 MP: 5/5
  1442 | D:2      | Quit the game

Skill      XL: |  1  2  3  4 |
---------------+-------------+-----
Axes           | 2 |  2.8
Shields        | 3 |  3.1
Fighting       | 3 |  3.0
Armour         | 3 |  3.1
Dodging        | |  0.2
Stealth        | |  0.3

Action                   |  1- 3 |  4- 6 || total
-------------------------+-------+-------++-------
Melee: War axe           |    79 |    37 ||   116
       Bite              |    16 |    15 ||    31
  Use: Scroll            |     4 |     2 ||     6
       Potion            |     2 |       ||     2
  Eat: Chunk             |       |     2 ||     2
Armor: Scale mail        |     7 |       ||     7
       Chain mail        |    22 |    33 ||    55
Dodge: Dodged            |    16 |    12 ||    28
Block: Shield            |    43 |    20 ||    63
